 Dungeon Crawl Stone Soup version 0.31-a0-1626-g5cb510d322 (webtiles) character file.

Game seed: 8997262498703536974

253166 Xavori the Spry (level 20, -13/147 HPs)
             Began as a Djinni Chaos Knight on Jan 12, 2024.
             Was a Favourite Plaything of Xom.
             Blown up by an orb spider (61 damage)
             ... with an orb of destruction
             ... on level 4 of the Spider Nest on Jan 13, 2024.
             The game lasted 01:21:11 (66550 turns).

Xavori the Spry (Djinni Chaos Knight)              Turns: 66550, Time: 01:21:13

Health: -13/147    AC: 26    Str:  7 (8)  XL:     20   Next: 99%
Gold:   861        EV: 23    Int: 15 (17) God:    Xom [.*....] SH:  9 Dex: 29 (30)

rFire   + + +        a - +6 scimitar (speed)
rCold   x . .        g - +0 buckler
rNeg    + + +        b - +7 pearl dragon scales
rPois   ∞            y - -2 hat of the Alchemist {rElec rPois rF+ rC+ rN+ Will+ rMut rCorr}
rElec   +            h - +2 cloak {Will+}
rCorr   +            J - +0 pair of gloves of the Vestibule of Hell {MP+9}
SInv    +            (boots unavailable)
Will    ++++.        Z - amulet of the Duchess {rN+ Regen+ Dex+2}
Stlth   +            L - ring of see invisible
HPRegen 1.24/turn    E - +5 ring of evasion
MPRegen 0.00/turn

%: resist mutation, infuse magic (-14 HP)
@: liquefying, flying, hasted, studying Shields, slowed movement, quick
A: sickness immunity, fire resistance 2, cold vulnerability 2, float, innate
caster, HP casting, extra vitality 1, horns 1, agile 2, clever 1, deterioration
1, wild magic 1, evolution 1, no potion heal 1, sturdy frame 1
}: 1/15 runes: barnacled
a: Renounce Religion


You were on level 4 of the Spider Nest.
You worshipped Xom.
You were a plaything of Xom.
You visited 5 branches of the dungeon, and saw 30 of its levels.
You also visited: Sewer.

You collected 5002 gold pieces.
You spent 4141 gold pieces at shops.

Inventory:

Hand Weapons
 a - a +6 scimitar of speed (weapon)
 F - a +3 scimitar of flaming
 X - the +3 double sword "Attuof Narch" {chaos, rF++}
   (Xom gifted it to you on level 10 of the Dungeon)

   rF++:      It greatly protects you from fire.
Armour
 b - +7 pearl dragon scales (worn)
 g - a +0 buckler (worn)
 h - a +2 cloak of willpower (worn)
 y - the -2 hat of the Alchemist (worn) {rElec rPois rF+ rC+ rN+ Will+ rMut rCorr}
   (You bought it in a shop on level 2 of the Dungeon)

   rF+:       It protects you from fire.
   rC+:       It protects you from cold.
   rElec:     It insulates you from electricity.
   rPois:     It protects you from poison rN+: It protects you from negative
   energy.
   Will+:     It increases your willpower.
   rCorr:     It protects you from acid and corrosion.
   rMut:      It protects you from mutation.
 J - the +0 pair of gloves of the Vestibule of Hell (worn) {MP+9}
   (Xom gifted it to you on level 3 of the Lair of Beasts)

   MP+9:      It affects your magic capacity (+9).
 V - a +0 kite shield of reflection
Jewellery
 i - the ring of Cicyutz {Wiz rElec rF+}
   (You found it on level 3 of the Shoals)

   [ring of wizardry]

   Wiz:       It improves your spell success rate.
   rF+:       It protects you from fire.
   rElec:     It insulates you from electricity.
 u - a +6 ring of intelligence
 E - a +5 ring of evasion (right hand)
 L - a ring of see invisible (left hand)
 U - a ring of resist corrosion
 W - a ring of protection from fire
 Z - the amulet of the Duchess (around neck) {rN+ Regen+ Dex+2}
   (You found it on level 2 of the Orcish Mines)

   [amulet of regeneration]

   Dex+2:     It affects your dexterity (+2).
   rN+:       It protects you from negative energy.
   Regen+:    It increases your rate of health regeneration.
Wands
 j - a wand of roots (8)
 n - a wand of quicksilver (3)
 r - a wand of polymorph (7)
 B - a wand of charming (16)
 I - a wand of digging (14)
 O - a wand of mindburst (27)
 Y - a wand of flame (10)
Scrolls
 c - a scroll of butterflies
 d - 2 scrolls of brand weapon
 f - 17 scrolls of identify
 k - 4 scrolls of poison
 p - 12 scrolls of teleportation
 t - 3 scrolls of immolation
 v - 5 scrolls of blinking
 w - 2 scrolls of summoning
 C - 2 scrolls of silence
 G - 2 scrolls of fear
 K - a scroll of revelation
 P - a scroll of fog
 S - a scroll of vulnerability
Potions
 e - 6 potions of might
 l - 3 potions of brilliance
 m - 2 potions of berserk rage
 o - 3 potions of haste
 q - 13 potions of curing
 x - 5 potions of lignification
 z - 8 potions of heal wounds
 A - a potion of cancellation
 D - 3 potions of ambrosia
 H - a potion of mutation
 M - 4 potions of resistance
 N - a potion of invisibility
 R - 6 potions of enlightenment
Miscellaneous
 s - a phantom mirror
 Q - a phial of floods
 T - a tin of tremorstones (2/2)


   Skills:
 + Level 14.1 Fighting
 + Level 12.9 Long Blades
 + Level 13.7 Armour
 + Level 15.0 Dodging
 + Level 13.5 Shields
 * Level 14.0 Spellcasting
 * Level 14.0 Conjurations
 * Level 14.0 Hexes
 * Level 14.0 Summonings
 * Level 14.0 Necromancy
 * Level 14.0 Translocations
 * Level 14.0 Fire Magic
 * Level 14.0 Ice Magic
 * Level 14.0 Air Magic
 * Level 14.0 Earth Magic
 * Level 14.0 Alchemy
 + Level 10.4 Evocations


You knew the following spells:

 Your Spells              Type           Power      Damage    Failure   Level
a - Shock                 Conj/Air       100%       1d9       1%          1
b - Blink                 Tloc           100%       N/A       1%          2
c - Mephitic Cloud        Conj/Alch/Air  62%        N/A       1%          3
d - Ozocubu's Armour      Ice            62%        N/A       1%          3
e - Irradiate             Conj/Alch      31%        3d22      5%          5
f - Summon Forest         Summ/Tloc      31%        N/A       5%          5
g - Summon Cactus Giant   Summ           31%        N/A       24%         6
h - Eringya's Noxious Bo  Alch           31%        4d6       24%         6
i - Enfeeble              Hex            31%        N/A       75%         7
Your spell library was empty.

Dungeon Overview and Level Annotations

Branches:
Dungeon (15/15)            Temple (0/1) D:7            Lair (5/5) D:11
 Shoals (4/4) Lair:3       Spider (4/4) Lair:2        Slime (0/5) Lair:5
    Orc (2/2) D:10            Elf (0/3) Orc:2        Vaults (0/5) D:14
 Depths (0/4) D:15          Sewer (visited)

Altars:
Dithmenos
Fedhas
Hepliaklqana
Makhleb
Okawaru
Qazlal
Ru
Trog
Uskayaw
Xom
Yredelemnul
Jiyva
Lugonu

Shops:
D:2 [   D:3 [*?[[   D:14 *[![!   Orc:1 ?**:(   Orc:2 ?:?(

Portals:
Abyss: Lair:5

Annotations:
D:4 2 runed translucent doors, Crazy Yiuf; osoart's ghost, amateur DsGl
Lair:1 3 runed translucent doors, Cistriuss's ghost, journeyman DgFi; Nyony's ghost, journeyman TrSh
Spider:4 Bai Suzhen


Innate Abilities, Weirdness & Mutations

You are immune to sickness and miasma.
You are immune to poison.
Your flesh is very heat resistant. (rF++)
You are very vulnerable to cold. (rC--)
You float through the air rather than walking.
You learn spells naturally, not from books.
Your magical power is your life essence.
You have superior vitality. (+4 MHP)
You have a pair of small horns on your head.
You are very agile. (Dex +8, Str/Int -2)
Your mind is acute. (Int +4, Str/Dex -1)
Your body sometimes deteriorates upon taking damage.
Your spells are a little harder to cast, but a little more powerful.
You have hidden genetic potential.
Potions are less effective at restoring your health.
Your movements are slightly less encumbered by armour. (ER -2)


Message History

The orb of destruction moves out of view.
Unknown command.
The orb of destruction hits a rock wall.
The orb spider begins to weave its threads into a brightly glowing ball.
The demonic crawler becomes momentarily stuck in the liquid earth.
The demonic crawler hits you. x2
* * * LOW HITPOINT WARNING * * *
Unknown command.
Unknown command.
Blink to where?
Press: ? - help, Dir - move target
Okay, then.
You feel yourself speed up.
The demonic crawler becomes momentarily stuck in the liquid earth.
The demonic crawler closely misses you. x2
The orb spider weaves a glowing orb of energy.
The demonic crawler hits you but does no damage.
The demonic crawler barely misses you. The demonic crawler misses you.
The demonic crawler barely misses you. The demonic crawler closely misses you.
The demonic crawler hits you but does no damage.
An orb of destruction comes into view.
Unknown command.
Unknown command.
Blink to where?
Press: ? - help, Dir - move target
As you read the scroll of blinking, it crumbles to dust.
The wavering orb of destruction hits the wolf spider!!!
The tarantella's many legs skitter faintly.
The orb spider begins to weave its threads into a brightly glowing ball.
The orb spider weaves a glowing orb of energy.
An orb of destruction comes into view.
You block the tarantella's attack. You block the tarantella's attack. x2
You hear Xom's avuncular chuckle.
The tarantella seems to slow down.
You are now a plaything of Xom.
The tarantella is no longer moving slowly.
The orb of destruction hits you!!!
You die...
Xom bursts into laughter!

#.......$...#.#.......^..
#...^...........#........
#...)...................
#......!....<.......
##............†......
#^...........†.......
##.............#......
#####..........☼..........
#~.#.!....~...@s○.........
.............^.~~.○....^.^..
...#.?......~..~s.○....!....(..#^
#.#^~#......†.#~~.○^.............
## ####.......†...s.s....^.......
##........ss°..............
#..#...~#...#^........ ...
##.....$§§§............#..
#^...~~~......^..........


You could see 2 demonic crawlers, a wolf spider, 2 orb spiders and a tarantella.

Vanquished Creatures
  Rupert (Lair:3)
  Mlioglotl (Shoals:2)
  A quicksilver dragon (Lair:4)
  2 sphinxes (Shoals:4)
  Gastronok (Lair:3)
  3 krakens
  Donald (Shoals:3)
  4 ghost moths
  3 emperor scorpions
  5 broodmothers
  2 orc warlords (Orc:2)
  Nessos (D:14)
  The ghost of Coer the Martial Artist, a journeyman DgDe (Lair:3)
  2 minotaurs (Shoals:4)
  A merfolk javelineer (Shoals:4)
  Josephine (Orc:2)
  6 merfolk impalers
  A quicksilver dragon zombie (D:15)
  2 entropy weavers
  Harold (D:11)
  2 ogre magi
  5 radroaches
  10 hydras
  Erica (D:11)
  6 centaur warriors
  6 boulder beetles
  2 merfolk avatars
  8 satyrs
  3 death yaks (Lair:4)
  An alligator snapping turtle (Shoals:3)
  2 thrashing horrors (Lair:5)
  A vampire mage (D:14)
  A merfolk aquamancer (Shoals:2)
  A tengu warrior (D:13)
  18 two-headed ogres
  Urug (D:14)
  4 demonic crawlers
  2 skysharks
  2 skeletal warriors (D:15)
  Sonja (Lair:3)
  10 pharaoh ants
  9 orb spiders
  A sun moth (Spider:3)
  11 sea snakes
  An arcanist (D:13)
  5 orc knights
  A lindwurm (Lair:2)
  25 harpies
  4 steelbarb worms
  21 wolf spiders
  2 large abominations (Lair:5)
  A deep elf pyromancer (D:15)
  A necromancer (D:15)
  11 ugly things
  A salamander (Shoals:3)
  10 cyclopes
  A faun (shapeshifter) (Lair:5)
  An orc sorcerer (Orc:2)
  3 elephants (Lair:5)
  12 manticores
  17 fauns
  10 merfolk sirens
  2 moths of wrath
  Maurice (Orc:2)
  6 meliai (Spider:2)
  3 black mambas
  A meliai (shapeshifter) (Lair:5)
  2 kobold blastminers (Orc:2)
  Joseph (D:8)
  7 water nymphs
  A gargoyle (D:10)
  4 torpor snails
  8 cane toads
  2 smoke demons (Lair:5)
  Jeremiah (D:8)
  11 komodo dragons
  2 kobold demonologists (D:14)
  7 rime drakes
  5 yaktaurs
  10 trolls
  4 polar bears
  A hornet (D:10)
  12 merfolk
  A troll (shapeshifter) (Shoals:3)
  3 wind drakes
  28 blink frogs
  2 spriggan zombies (D:15)
  A raiju (Lair:5)
  15 dream sheep
  32 tarantellas
  6 snapping turtles
  14 slime creatures
  23 jumping spiders
  A shadow (D:12)
  A yak (shapeshifter) (D:14)
  5 wraiths
  4 water elementals
  24 culicivoras
  2 ynoxinuls (Lair:5)
  Sigmund (D:2)
  6 wyverns
  12 humans
  A human (shapeshifter) (D:14)
  63 yaks
  7 basilisks
  40 redbacks
  3 steam dragons
  5 wargs
  13 vampire mosquitoes
  A chaos spawn (Lair:5)
  2 acid dragons
  8 water moccasins
  2 black bears (D:5)
  2 ice beasts
  3 sky beasts
  14 ogres
  24 orc warriors
  2 laughing skulls (D:15)
  7 wolves
  9 centaurs
  4 kobold brigands
  2 phantoms
  2 gnoll sergeants (D:9)
  Blork the orc (D:5)
  16 bullfrogs
  7 scorpions
  8 small abominations (Lair:5)
  3 wights (D:6)
  2 killer bees (D:9)
  7 howler monkeys
  5 electric eels
  2 jellies
  14 orc priests
  A gnoll bouda (Lair:5)
  4 hounds
  An iron imp (Lair:5)
  A sleepcap (D:6)
  Natasha (thrice) (D:2)
  15 iguanas
  23 orc wizards
  Robin (D:2)
  8 gnolls
  8 adders
  2 ufetubi (D:6)
  3 ribbon worms
  14 dart slugs
  77 orcs
  10 endoplasms
  18 giant cockroaches
  11 goblins
  16 hobgoblins
  27 kobolds
  4 quokkas
  5 ball pythons
  7 bats
  31 frilled lizards
  4 rats (D:2)
  A snaplasher vine (Shoals:2)
  6 tentacles
1127 creatures vanquished.

Vanquished Creatures (collateral kills)
  3 ogre magi (Orc:2)
  A satyr (Shoals:4)
  2 death yaks (Lair:4)
  8 two-headed ogres
  A thrashing horror (Lair:5)
  An orc high priest (Orc:1)
  An arcanist (D:15)
  A sea snake (Shoals:2)
  4 harpies
  2 ugly things (D:15)
  An orc sorcerer (Orc:1)
  2 fauns (Shoals:2)
  A kobold blastminer (Orc:2)
  A guardian serpent (Lair:4)
  2 merfolk
  3 trolls
  3 dream sheep (Shoals:1)
  A snapping turtle (Shoals:3)
  3 wargs (Orc:2)
  5 humans (D:14)
  An acid dragon (D:11)
  5 orc warriors (Orc:2)
  13 ogres (Orc:2)
  A centaur (D:14)
  A bullfrog (Lair:4)
  A wight (D:6)
  7 orc priests
  4 orc wizards
  13 orcs
  A kobold (D:14)
93 creatures vanquished.

Vanquished Creatures (others)
  An eldritch tentacle (D:14)
  An entropy weaver (Spider:4)
  A dancing weapon (Orc:2)
  An orc sorcerer (Orc:2)
  A moth of wrath (Spider:4)
  A tarantella (Spider:4)
  A jumping spider (Spider:4)
  A water elemental (Shoals:4)
  A warg (Orc:2)
  A redback (Spider:4)
  5 orc warriors (Orc:2)
  An ogre (Orc:2)
  An electric eel (D:9)
  An orc priest (Orc:2)
  An orc wizard (D:4)
  3 orcs (Orc:2)
  A giant cockroach zombie (D:2)
  3 snaplasher vines (Orc:2)
  18 tentacles
44 creatures vanquished.

Grand Total: 1264 creatures vanquished

Notes
Turn   | Place    | Note
-------+----------+-------------------------------------------
     0 | D:1      | Xavori the Djinni Chaos Knight began the quest for the Orb.
     0 | D:1      | Reached XP level 1. HP: 20/20 MP: 0/0
    53 | D:1      | XOM: silly message
   142 | D:1      | Reached XP level 2. HP: 25/25 MP: 0/0
   162 | D:1      | XOM: silly message
   341 | D:1      | Reached XP level 3. HP: 29/30 MP: 0/0
   341 | D:1      | Learned a level 1 spell: Shock
   463 | D:1      | Reached skill level 1 in Spellcasting
   463 | D:1      | Reached skill level 1 in Conjurations
   463 | D:1      | Reached skill level 1 in Hexes
   463 | D:1      | Reached skill level 1 in Summonings
   463 | D:1      | Reached skill level 1 in Necromancy
   463 | D:1      | Reached skill level 1 in Translocations
   463 | D:1      | Reached skill level 1 in Fire Magic
   463 | D:1      | Reached skill level 1 in Ice Magic
   463 | D:1      | Reached skill level 1 in Air Magic
   463 | D:1      | Reached skill level 1 in Earth Magic
   463 | D:1      | Reached skill level 1 in Alchemy
   496 | D:2      | XOM: stealth player
   496 | D:2      | XOM: swap monsters
   693 | D:2      | Reached XP level 4. HP: 33/35 MP: 0/0
  1082 | D:1      | XOM: summons 3 hostile demons
  2538 | D:1      | XOM: silly message
  3807 | D:1      | XOM: cloud trail
  4306 | D:1      | XOM: noise
  4487 | D:1      | XOM: silly message
  5366 | D:1      | XOM is BORED!
  5412 | D:1      | XOM: silly message
  6581 | D:1      | XOM: divination: detect items
  8191 | D:1      | XOM is BORED!
  9364 | D:1      | XOM: give mutation
  9364 | D:1      | Gained mutation: You are very vulnerable to cold. (rC--)
                  | [Xom's mischief]
  9618 | D:2      | XOM: polymorph quokka -> endoplasm
  9959 | D:2      | Noticed Sigmund
  9960 | D:2      | Noticed Robin
  9966 | D:2      | XOM: snakes to sticks
  9974 | D:2      | XOM: smoke on damage
  9981 | D:2      | Killed Robin
 10102 | D:1      | XOM: summons 2 hostile demons
 10108 | D:2      | Reached skill level 1 in Shields
 10114 | D:2      | XOM: butterfly on damage
 10280 | D:2      | Noticed Natasha
 10291 | D:2      | HP: 1/35 [Natasha (4)]
 10294 | D:2      | Killed Natasha
 10295 | D:2      | Reached XP level 5. HP: 4/40 MP: 0/0
 10295 | D:2      | Learned a level 2 spell: Blink
 10311 | D:2      | XOM: 1-stop teleportation journey
 10451 | D:2      | Noticed Natasha
 10455 | D:2      | Found Nugakk's Armour Shop.
 10459 | D:2      | XOM: enchant monster (bad)
 10463 | D:2      | Killed Natasha
 10464 | D:2      | Reached skill level 3 in Dodging
 10536 | D:2      | Noticed Natasha
 10547 | D:2      | XOM: noise
 10552 | D:2      | Killed Natasha
 10552 | D:2      | XOM: blink monster(s)
 10672 | D:2      | XOM: summons 4 hostile shadow creatures
 10690 | D:2      | HP: 1/40 [iguana[Xom] (7)]
 10932 | D:2      | Glimpsed the power of Zot.
 11009 | D:2      | Found a faded altar of an unknown god.
 11264 | D:3      | Reached XP level 6. HP: 45/46 MP: 0/0
 11379 | D:3      | Found Fitiv's Armour Boutique.
 11449 | D:3      | XOM: give mutation
 11449 | D:3      | Gained mutation: You are dopey. (Int -2) [Xom's mischief]
 11482 | D:3      | Found Yckoola's General Store.
 11485 | D:3      | Bought a scroll of identify for 26 gold pieces
 11485 | D:3      | Bought a scroll of identify for 26 gold pieces
 11527 | D:3      | Found a blossoming altar of Fedhas.
 11592 | D:3      | Found Cischik's Antique Armour Shop.
 11617 | D:3      | Found a stormy altar of Qazlal.
 11617 | D:3      | Noticed a sky beast
 11635 | D:3      | Killed a sky beast
 11639 | D:3      | XOM: noise
 11823 | D:3      | Found Zocyl's Magic Scroll Emporium.
 11917 | D:3      | Found Jemp's Antique Armour Shoppe.
 12045 | D:3      | XOM: give mutations
 12045 | D:3      | Gained mutation: You are strong-willed. (Will+) [Xom's
                  | grace]
 12045 | D:3      | Gained mutation: Your muscles are strong. (Str +4, Int/Dex
                  | -1) [Xom's grace]
 12045 | D:3      | Gained mutation: You have a pair of small horns on your
                  | head. [Xom's grace]
 12045 | D:3      | Gained mutation: Your muscles are very strong. (Str +8,
                  | Int/Dex -2) [Xom's grace]
 12103 | D:4      | Found a shimmering altar of Xom.
 12110 | D:4      | XOM: summons 4 hostile demons
 12111 | D:4      | Noticed a chaos spawn
 12111 | D:4      | Noticed a red devil
 12111 | D:4      | Noticed a ynoxinul
 12273 | D:4      | Found a burning altar of Makhleb.
 12332 | D:4      | Found a bloodstained altar of Trog.
 12339 | D:4      | Reached XP level 7. HP: 51/51 MP: 0/0
 12339 | D:4      | Learned a level 3 spell: Mephitic Cloud
 12548 | D:4      | Noticed a steam dragon
 12557 | D:4      | Killed a steam dragon
 12662 | D:4      | XOM: chaos cloud
 12667 | D:4      | Reached skill level 4 in Dodging
 12669 | D:4      | XOM: confusion (+ monsters)
 12678 | D:4      | Reached XP level 8. HP: 42/58 MP: 0/0
 12710 | D:4      | XOM: give mutation
 12710 | D:4      | Lost mutation: Your muscles are very strong. (Str +8,
                  | Int/Dex -2) [Xom's mischief]
 12786 | D:4      | XOM: silly message
 12827 | D:4      | XOM: give mutation
 12838 | D:4      | Identified the +1 falchion "Etiubbos" {drain, rPois Will+
                  | rCorr Str+2}
 12894 | D:4      | Found a runed translucent door.
 12895 | D:4      | Noticed Crazy Yiuf
 13117 | D:4      | Found a runed translucent door.
 13120 | D:4      | Noticed osoart's ghost (amateur DsGl)
 13324 | D:4      | XOM: silly message
 13643 | D:5      | Entered Level 5 of the Dungeon
 13666 | D:5      | Found a hide-covered altar of Uskayaw.
 13666 | D:5      | Found a shadowy altar of Dithmenos.
 13668 | D:5      | Found a basalt altar of Yredelemnul.
 13718 | D:5      | XOM: noise
 13905 | D:4      | XOM: summons 1 hostile demon
 14238 | D:5      | Noticed Blork the orc
 14245 | D:5      | XOM: swap monsters
 14254 | D:5      | XOM: smoke on damage
 14256 | D:5      | Killed Blork the orc
 14373 | D:5      | XOM: give mutations
 14373 | D:5      | Gained mutation: A frigid envelope surrounds you and
                  | freezes all who hurt you. [Xom's mischief]
 14373 | D:5      | Gained mutation: You are highly strong-willed. (Will++)
                  | [Xom's mischief]
 14479 | D:6      | Reached skill level 5 in Fighting
 14479 | D:6      | Reached XP level 9. HP: 49/65 MP: 0/0
 14479 | D:6      | Learned a level 3 spell: Ozocubu's Armour
 14483 | D:6      | Found a glowing drain.
 14494 | Sewer    | Entered a sewer
 14652 | Sewer    | Reached skill level 5 in Dodging
 14772 | D:6      | XOM: noise
 14837 | D:6      | XOM: summons friendly iron imp
 14841 | D:6      | XOM: swap monsters
 14844 | D:6      | HP: 3/65 [wight/+4 hand axe of freezing (3)]
 14848 | D:6      | XOM: enchant monster (good)
 15052 | D:6      | XOM: divination: magic mapping
 15126 | D:6      | Found a sacrificial altar of Ru.
 15162 | D:6      | Reached skill level 5 in Long Blades
 15163 | D:6      | XOM: divination: detect items
 15175 | D:6      | XOM: divination: magic mapping
 15685 | D:6      | XOM: cast spell 'Fugue of the Fallen'
 15924 | D:7      | Identified the +0 scale mail of Jiugawuv {rPois rF++}
 15940 | D:7      | Reached skill level 5 in Armour
 15940 | D:7      | Reached XP level 10. HP: 72/72 MP: 0/0
 15963 | D:7      | Found an iron altar of Okawaru.
 16016 | D:7      | XOM: divination: magic mapping
 16025 | D:7      | XOM: noise
 16061 | D:7      | Found a staircase to the Ecumenical Temple.
 16085 | D:7      | XOM: confuse monster(s)
 16087 | D:7      | Reached skill level 6 in Dodging
 16090 | D:7      | XOM: silly message
 16243 | D:7      | Reached skill level 5 in Spellcasting
 16243 | D:7      | Reached skill level 5 in Conjurations
 16243 | D:7      | Reached skill level 5 in Hexes
 16243 | D:7      | Reached skill level 5 in Summonings
 16243 | D:7      | Reached skill level 5 in Necromancy
 16243 | D:7      | Reached skill level 5 in Translocations
 16243 | D:7      | Reached skill level 5 in Fire Magic
 16243 | D:7      | Reached skill level 5 in Ice Magic
 16243 | D:7      | Reached skill level 5 in Air Magic
 16243 | D:7      | Reached skill level 5 in Earth Magic
 16243 | D:7      | Reached skill level 5 in Alchemy
 16301 | D:7      | Reached skill level 5 in Shields
 16301 | D:7      | XOM: potion effect (might)
 16313 | D:7      | XOM: divination: detect items
 16712 | D:8      | XOM: enchant monster (good)
 16713 | D:8      | XOM: confuse monster(s)
 16791 | D:8      | Noticed Jeremiah
 16797 | D:8      | XOM: summons 3 hostile demons
 17094 | D:8      | Noticed Joseph
 17109 | D:8      | Killed Joseph
 17224 | D:8      | XOM: confuse monster(s)
 17308 | D:8      | Killed Jeremiah
 17309 | D:8      | Reached skill level 7 in Dodging
 17374 | D:9      | Reached XP level 11. HP: 78/78 MP: 0/0
 17374 | D:9      | Learned a level 5 spell: Irradiate
 17595 | D:9      | Noticed a two-headed ogre
 17601 | D:9      | XOM: god gift: 8 stones
 17605 | D:9      | Killed a two-headed ogre
 17930 | D:9      | Noticed a two-headed ogre
 17942 | D:9      | Killed a two-headed ogre
 17978 | D:9      | XOM: destruction
 18046 | D:9      | Noticed a two-headed ogre
 18053 | D:9      | XOM: cleaving
 18058 | D:9      | Killed a two-headed ogre
 18333 | D:9      | XOM: summons 6 hostile demons
 18337 | D:9      | XOM: summons 4 hostile demons
 18630 | D:9      | XOM: stat loss: -1 Dex (13/15)
 18751 | D:9      | XOM: noise
 18867 | D:10     | Entered Level 10 of the Dungeon
 18867 | D:10     | XOM: chaos cloud
 18872 | D:10     | XOM: swap monsters
 18874 | D:10     | Noticed a cyclops
 18896 | D:9      | Killed a cyclops
 19057 | D:10     | XOM: cleaving
 19226 | D:10     | Reached skill level 8 in Dodging
 19342 | D:3      | Bought a scroll of acquirement for 572 gold pieces
 19342 | D:3      | Acquired 813 gold pieces
 19380 | D:2      | Bought the -2 hat of the Alchemist {rElec rPois rF+ rC+ rN+
                  | Will+ rMut rCorr} for 660 gold pieces
 19380 | D:2      | Found the -2 hat of the Alchemist {rElec rPois rF+ rC+ rN+
                  | Will+ rMut rCorr}
 19528 | D:10     | XOM: noise
 19697 | D:10     | Found a hazy altar of Hepliaklqana.
 19826 | D:10     | Reached XP level 12. HP: 72/86 MP: 0/0
 19922 | D:10     | Found a staircase to the Orcish Mines.
 19936 | D:10     | XOM: silly message
 20460 | D:11     | Noticed Harold
 20462 | D:11     | XOM: cast spell 'Alistair's Intoxication'
 20465 | D:11     | XOM: scenery: create altars
 20499 | D:11     | Killed Harold
 20644 | D:11     | XOM: 1-stop teleportation journey
 20730 | D:11     | Found a staircase to the Lair.
 20806 | D:11     | XOM: summons 2 friendly demons
 20808 | D:11     | Noticed Erica
 20813 | D:11     | XOM: smoke on damage
 20818 | D:11     | Killed Erica
 21210 | D:11     | XOM: scenery: summon butterflies
 21348 | Lair:1   | Entered Level 1 of the Lair of Beasts
 21395 | D:11     | XOM: give mutation
 21395 | D:11     | Gained mutation: Your natural rate of healing is unusually
                  | fast. [Xom's mischief]
 21438 | Lair:1   | XOM: cleaving
 21451 | Lair:1   | Reached skill level 9 in Dodging
 21522 | Lair:1   | Found a runed translucent gate.
 21522 | Lair:1   | Found a runed translucent gate.
 21522 | Lair:1   | Found a runed translucent gate.
 21731 | Lair:1   | XOM: potion effect (attraction)
 21739 | Lair:1   | XOM: divination: detect creatures
 21746 | Lair:1   | XOM: enchant monster (good)
 21752 | Lair:1   | XOM: potion effect (brilliance)
 21753 | Lair:1   | XOM: cast spell 'Iskenderun's Battlesphere'
 21762 | Lair:1   | Reached XP level 13. HP: 93/93 MP: 0/0
 21762 | Lair:1   | Learned a level 5 spell: Summon Forest
 22357 | Lair:1   | Noticed Nyony's ghost (journeyman TrSh)
 22357 | Lair:1   | Noticed Cistriuss's ghost (journeyman DgFi)
 22627 | Lair:2   | XOM: silly message
 22632 | Lair:2   | Noticed an eight-headed hydra
 22644 | Lair:2   | XOM: potion effect (curing)
 22648 | Lair:2   | Killed an eight-headed hydra
 22893 | Lair:2   | XOM: silly message
 22934 | Lair:2   | Found a hole to the Spider Nest.
 23033 | Lair:2   | XOM: divination: detect creatures
 23168 | Lair:2   | XOM: enchant monster (bad)
 23235 | Lair:2   | XOM: swap monsters
 23265 | Lair:2   | XOM: torment (48/94 hp)
 23269 | Lair:2   | XOM: confusion (+ monsters)
 23491 | Lair:3   | Noticed Rupert
 23491 | Lair:3   | XOM: blink monster(s)
 23513 | Lair:3   | XOM: torment (31/94 hp)
 23532 | Lair:3   | Killed Rupert
 23533 | Lair:3   | Reached skill level 10 in Dodging
 23582 | Lair:3   | XOM: stat loss: -1 Str (14/15)
 23637 | Lair:3   | XOM: torment (53/94 hp)
 23644 | Lair:3   | Noticed Sonja
 23650 | Lair:3   | XOM: divination: detect creatures
 23659 | Lair:3   | XOM: scenery: 1 doors open, 1 doors close
 23664 | Lair:3   | Killed Sonja
 23739 | Lair:3   | Noticed a seven-headed hydra
 23751 | Lair:3   | Killed a four-headed hydra
 23953 | Lair:3   | Found a staircase to the Shoals.
 23964 | Lair:3   | Noticed Gastronok
 23979 | Lair:3   | XOM: scenery: 1 doors close
 23984 | Lair:3   | XOM: god gift: wand of digging (9)
 23985 | Lair:3   | Killed Gastronok
 23986 | Lair:3   | Reached XP level 14. HP: 87/102 MP: 0/0
 24163 | Lair:3   | XOM: god gift: 818 gold pieces
 24164 | Lair:3   | XOM: summons 9 friendly demons
 24367 | Lair:3   | Identified the +0 pair of gloves of the Vestibule of Hell
                  | {MP+9} (Xom gifted it to you on level 3 of the Lair of
                  | Beasts)
 24367 | Lair:3   | XOM: god gift: +0 pair of gloves of the Vestibule of Hell
                  | {MP+9}
 24468 | Lair:4   | XOM: 7-stop teleportation journey
 24490 | Lair:4   | XOM: confuse monster(s)
 24605 | Lair:4   | Reached skill level 1 in Evocations
 24658 | Lair:4   | XOM: summons friendly shadow imp
 24690 | Lair:4   | XOM: potion effect (berserk rage)
 24700 | Lair:4   | Reached skill level 10 in Fighting
 24710 | Lair:4   | XOM: cast spell 'Summon Mana Viper'
 24854 | Lair:4   | Found a runed translucent gate.
 24855 | Lair:4   | Found a runed translucent gate.
 24856 | Lair:4   | Found a runed translucent gate.
 24857 | Lair:4   | Noticed Coer's ghost (journeyman DgDe)
 24994 | Lair:4   | XOM: give mutations
 24994 | Lair:4   | Lost mutation: You are dopey. (Int -2) [Xom's mischief]
 24994 | Lair:4   | Gained mutation: You have a pair of horns on your head.
                  | [Xom's mischief]
 24994 | Lair:4   | Lost mutation: You are highly strong-willed. (Will++)
                  | [Xom's mischief]
 24994 | Lair:4   | Lost mutation: You are strong-willed. (Will+) [Xom's
                  | mischief]
 25020 | Lair:4   | XOM: 2-stop teleportation journey
 25303 | Lair:4   | XOM: enchant monster (bad)
 25304 | Lair:4   | XOM: chaos cloud
 25309 | Lair:4   | XOM: noise
 25381 | Lair:4   | Found the +3 pair of seven-league boots {Rampage+∞}
 25510 | Lair:4   | XOM: divine lightning
 25534 | Lair:3   | Killed Coer's ghost
 25755 | Lair:4   | Identified the +1 scimitar of Bucvuhon {venom, Str+4 Int+3}
 25782 | Lair:4   | an 11-headed hydra changed into a quicksilver dragon
 25782 | Lair:4   | Noticed a quicksilver dragon
 25782 | Lair:4   | XOM: polymorph 11-headed hydra -> quicksilver dragon
 25796 | Lair:4   | Killed a quicksilver dragon
 25854 | Lair:4   | XOM: stat loss: -1 Dex (15/16)
 25857 | Lair:4   | XOM: give mutations
 25857 | Lair:4   | Gained mutation: You are clumsy. (Dex -2) [Xom's mischief]
 25857 | Lair:4   | Gained mutation: You occasionally lose the ability to read
                  | scrolls when taking damage. [Xom's mischief]
 25857 | Lair:4   | Lost mutation: You have a pair of horns on your head.
                  | [Xom's mischief]
 26337 | Lair:1   | XOM: stat loss: -1 Str (14/15)
 26355 | Lair:1   | XOM: draining
 26951 | Lair:1   | XOM: noise
 27132 | Lair:1   | XOM: torment (54/96 hp)
 27764 | Lair:1   | XOM: give mutations
 27764 | Lair:1   | Lost mutation: You have a pair of small horns on your head.
                  | [Xom's mischief]
 27764 | Lair:1   | Gained mutation: You passively dampen the noise of your
                  | surroundings. [Xom's mischief]
 27950 | Lair:1   | XOM: summons 8 hostile demons
 29137 | Lair:1   | XOM: god gift: masterwork ring mail {god gift}
 29137 | Lair:1   | Identified the +3 ring mail of Kuefaedgh {Str+2} (Xom
                  | gifted it to you on level 1 of the Lair of Beasts)
 29506 | Lair:1   | XOM: cloud trail
 29808 | Lair:1   | XOM: god gift: 21 gold pieces
 29948 | Lair:1   | XOM: cloud trail
 30498 | Lair:1   | XOM is BORED!
 30931 | Lair:4   | XOM: cast spell 'Iskenderun's Battlesphere'
 30965 | Lair:4   | XOM: silly message
 30981 | Lair:5   | Entered Level 5 of the Lair of Beasts
 31198 | Lair:5   | Found a staircase to the Slime Pits.
 31198 | Lair:5   | Found a viscous altar of Jiyva.
 31231 | Lair:5   | XOM: cast spell 'Iskenderun's Battlesphere'
 31236 | Lair:5   | Reached skill level 10 in Spellcasting
 31236 | Lair:5   | Reached skill level 10 in Conjurations
 31236 | Lair:5   | Reached skill level 10 in Hexes
 31236 | Lair:5   | Reached skill level 10 in Summonings
 31236 | Lair:5   | Reached skill level 10 in Necromancy
 31236 | Lair:5   | Reached skill level 10 in Translocations
 31236 | Lair:5   | Reached skill level 10 in Fire Magic
 31236 | Lair:5   | Reached skill level 10 in Ice Magic
 31236 | Lair:5   | Reached skill level 10 in Air Magic
 31236 | Lair:5   | Reached skill level 10 in Earth Magic
 31236 | Lair:5   | Reached skill level 10 in Alchemy
 31245 | Lair:5   | Reached skill level 11 in Dodging
 31248 | Lair:5   | XOM: god gift: book of Spectacle
 31316 | Lair:5   | Reached skill level 10 in Armour
 31666 | Lair:5   | XOM: divination: magic mapping
 31689 | Lair:5   | XOM: potion effect (brilliance)
 31746 | Lair:5   | XOM: potion effect (invisibility)
 31792 | Lair:5   | Reached XP level 15. HP: 106/109 MP: 0/0
 31792 | Lair:5   | Learned a level 6 spell: Summon Cactus Giant
 31870 | Lair:5   | XOM: cast spell 'Summon Ice Beast'
 31889 | Lair:5   | XOM: divination: detect items
 31897 | Lair:5   | HP: 2/109 [large abomination (26)]
 32205 | Lair:5   | XOM: cleaving
 32214 | Lair:5   | XOM: polymorph smoke demon -> iron imp
 32251 | Lair:5   | Found a corrupted altar of Lugonu.
 32251 | Lair:5   | Found a one-way gate to the infinite horrors of the Abyss.
 32327 | Lair:5   | XOM: blink monster(s)
 32650 | Orc:1    | Entered Level 1 of the Orcish Mines
 32650 | Orc:1    | Found Besuap's Assorted Antiques.
 32651 | Orc:1    | Found Nym Man's Magic Scroll Shop.
 32682 | Orc:1    | Bought 3 scrolls of teleportation for 108 gold pieces
 32682 | Orc:1    | Bought a scroll of enchant armour for 90 gold pieces
 32682 | Orc:1    | Bought a scroll of enchant armour for 90 gold pieces
 32712 | Orc:1    | XOM: give mutations
 32712 | Orc:1    | Lost mutation: You passively dampen the noise of your
                  | surroundings. [Xom's mischief]
 32712 | Orc:1    | Gained mutation: Your skin changes colour to match your
                  | surroundings (Stealth+). [Xom's mischief]
 32712 | Orc:1    | Gained mutation: Your body sometimes deteriorates upon
                  | taking damage. [Xom's mischief]
 32755 | Orc:1    | XOM: swap monsters
 32785 | Orc:1    | Reached skill level 10 in Long Blades
 32787 | Orc:1    | XOM: enchant monster (good)
 32881 | Orc:1    | You are sucked into a shaft and drop 1 floor!
 32881 | Orc:2    | Entered Level 2 of the Orcish Mines
 32917 | Orc:2    | Noticed Josephine
 32927 | Orc:2    | Killed Josephine
 32950 | Orc:1    | XOM: summons 8 hostile demons
 33083 | Orc:1    | Found Gimpaxt's Weapon Emporium.
 33086 | Orc:1    | XOM: summons 8 hostile demons
 33137 | Orc:1    | XOM: noise
 33141 | Orc:1    | XOM: noise
 33151 | Orc:1    | Reached skill level 5 in Evocations
 33158 | Orc:1    | Found Zuoc's Book Shoppe.
 33207 | Orc:1    | Found Aigy's Alliterative Armaments.
 33289 | Orc:2    | XOM: give mutations
 33289 | Orc:2    | Gained mutation: You are robust. (+10% HP) [Xom's mischief]
 33289 | Orc:2    | Lost mutation: Your natural rate of healing is unusually
                  | fast. [Xom's mischief]
 33289 | Orc:2    | Gained mutation: You do not regenerate when monsters are
                  | visible. [Xom's mischief]
 33351 | Orc:2    | XOM: stat loss: -1 Str (13/15)
 33382 | Orc:1    | XOM: summons 4 hostile demons
 33711 | Orc:1    | XOM: summons 1 hostile shadow creature
 33924 | D:10     | XOM: give mutation
 33924 | D:10     | Lost mutation: You occasionally lose the ability to read
                  | scrolls when taking damage. [Xom's mischief]
 34360 | D:10     | XOM: stat loss: -1 Str (13/15)
 34383 | D:10     | XOM: summons 8 hostile demons
 34399 | Orc:1    | XOM: draining
 34638 | D:10     | XOM: summons 5 hostile demons
 35737 | D:10     | XOM: noise
 36067 | D:10     | XOM: give mutations
 36067 | D:10     | Gained mutation: You have a pair of small horns on your
                  | head. [Xom's mischief]
 36067 | D:10     | Lost mutation: Your muscles are strong. (Str +4, Int/Dex
                  | -1) [Xom's mischief]
 36067 | D:10     | Gained mutation: Your mind is acute. (Int +4, Str/Dex -1)
                  | [Xom's mischief]
 36067 | D:10     | Lost mutation: You are clumsy. (Dex -2) [Xom's mischief]
 36097 | D:10     | XOM: give mutation
 36097 | D:10     | Lost mutation: Your skin changes colour to match your
                  | surroundings (Stealth+). [Xom's mischief]
 36244 | D:10     | XOM: summons 3 hostile shadow creatures
 38214 | D:10     | XOM: give mutations
 38214 | D:10     | Lost mutation: A frigid envelope surrounds you and freezes
                  | all who hurt you. [Xom's mischief]
 38214 | D:10     | Lost mutation: Your body sometimes deteriorates upon taking
                  | damage. [Xom's mischief]
 38214 | D:10     | Gained mutation: You are extremely vulnerable to cold.
                  | (rC---) [Xom's mischief]
 38214 | D:10     | Lost mutation: You are robust. (+10% HP) [Xom's mischief]
 38743 | D:10     | XOM: give mutations
 38743 | D:10     | Gained mutation: You have a pair of horns on your head.
                  | [Xom's mischief]
 38743 | D:10     | Gained mutation: You are covered in fur. (AC +1) [Xom's
                  | mischief]
 38743 | D:10     | Gained mutation: You are partially covered in iridescent
                  | scales. (AC +2) [Xom's mischief]
 39136 | D:10     | XOM: give mutations
 39136 | D:10     | Gained mutation: You are strong-willed. (Will+) [Xom's
                  | grace]
 39136 | D:10     | Gained mutation: You have sharp fingernails. [Xom's grace]
 39586 | D:10     | XOM: cloud trail
 39667 | D:10     | XOM: god gift: fuming emerald potion {god gift}
 40500 | D:10     | XOM: silly message
 40776 | D:10     | XOM is BORED!
 40776 | D:10     | XOM: summons 8 hostile demons
 43734 | D:10     | XOM: silly message
 43878 | D:10     | XOM: cloud trail
 44106 | D:10     | XOM: divination: detect creatures
 44385 | D:10     | XOM: silly message
 44407 | D:10     | XOM: summons 3 hostile shadow creatures
 44601 | D:10     | XOM: scenery: create altars
 45174 | D:10     | XOM: divination: detect items
 45828 | D:10     | XOM is BORED!
 46017 | D:10     | XOM: god gift: potion of curing
 46303 | D:10     | Identified the +3 double sword "Attuof Narch" {pain, rF++}
                  | (Xom gifted it to you on level 10 of the Dungeon)
 46303 | D:10     | XOM: god gift: +3 double sword "Attuof Narch" {chaos, rF++}
 46351 | Orc:2    | XOM: destruction
 46355 | Orc:2    | Found Qezetze's Antique Weapon Shoppe.
 46355 | Orc:2    | Found Huokh's Book Shop.
 46355 | Orc:2    | Found Depuofoa's Magic Scroll Shop.
 46355 | Orc:2    | Found Ixkeos Xoas's Magic Scroll Emporium.
 46362 | Orc:2    | Noticed Maurice
 46365 | Orc:2    | XOM: blink monster(s)
 46390 | Orc:1    | HP: 4/111 [two-headed ogre/+0 giant club (5)]
 46393 | Orc:1    | Reached skill level 12 in Dodging
 46943 | Orc:2    | Noticed an orc warlord
 46943 | Orc:2    | Noticed an orc warlord
 46943 | Orc:2    | XOM: 1-stop teleportation journey
 46945 | Orc:2    | XOM: divine lightning
 46952 | Orc:2    | Reached XP level 16. HP: 91/116 MP: 0/0
 47258 | Orc:2    | XOM: divination: detect items
 47289 | Orc:2    | Killed Maurice
 47342 | Orc:2    | XOM: enchant monster (good)
 47487 | Orc:2    | Found a staircase to the Elven Halls.
 47499 | Orc:2    | XOM: enchant monster (good)
 47509 | Orc:2    | XOM: 1-stop teleportation journey
 47515 | Orc:2    | XOM: enchant monster (good)
 47533 | Orc:2    | XOM: potion effect (might)
 47549 | Orc:2    | XOM: god gift: +2 double sword of chaos
 47558 | Orc:2    | XOM: enchant monster (bad)
 47591 | Orc:2    | XOM: confusion (+ monsters)
 47594 | Orc:2    | XOM: summons 2 friendly demons
 47946 | Orc:2    | XOM: 1-stop teleportation journey
 48044 | Orc:2    | Bought a scroll of blinking for 82 gold pieces
 48044 | Orc:2    | Bought a scroll of blinking for 82 gold pieces
 48045 | Orc:2    | Bought a scroll of blinking for 97 gold pieces
 48045 | Orc:2    | Bought a scroll of enchant weapon for 97 gold pieces
 48045 | Orc:2    | Bought a scroll of blinking for 97 gold pieces
 48045 | Orc:2    | Bought a scroll of enchant weapon for 97 gold pieces
 48045 | Orc:2    | Bought a scroll of teleportation for 39 gold pieces
 48045 | Orc:2    | Bought a scroll of teleportation for 39 gold pieces
 48091 | Orc:2    | Identified the +4 dagger of Ashenzari's Supremacy {pain,
                  | Str+3 Int+3}
 48234 | Orc:2    | Identified the amulet of the Duchess {rN+ Regen+ Dex+2}
 48493 | Orc:1    | Bought a +1 scimitar of speed for 247 gold pieces
 48859 | D:12     | XOM: 1-stop teleportation journey
 49375 | D:13     | XOM: blink monster(s)
 49619 | D:13     | XOM: blink monster(s)
 49627 | D:13     | XOM: swap monsters
 49685 | D:13     | XOM: confuse monster(s)
 49699 | D:13     | Identified the +0 leather armour of Cyplitos {Int+3}
 50124 | D:13     | XOM: enchant monster (bad)
 51148 | D:1      | XOM: silly message
 52097 | D:1      | XOM: give mutations
 52097 | D:1      | Gained mutation: You have very sharp fingernails. [Xom's
                  | mischief]
 52097 | D:1      | Gained mutation: You are clumsy. (Dex -2) [Xom's mischief]
 52148 | D:1      | XOM: draining
 52243 | D:1      | XOM: silly message
 52901 | D:1      | XOM: give mutation
 52901 | D:1      | Lost mutation: You have very sharp fingernails. [Xom's
                  | mischief]
 53403 | D:1      | XOM is BORED!
 53454 | D:1      | XOM: give mutations
 53454 | D:1      | Lost mutation: You are clumsy. (Dex -2) [Xom's mischief]
 53454 | D:1      | Lost mutation: You are covered in fur. (AC +1) [Xom's
                  | mischief]
 53601 | D:1      | XOM: summons 9 hostile demons
 53817 | D:2      | XOM: give mutations
 53817 | D:2      | Gained mutation: Your body sometimes deteriorates upon
                  | taking damage. [Xom's mischief]
 53817 | D:2      | Gained mutation: You are frail. (-10% HP) [Xom's mischief]
 53817 | D:2      | Lost mutation: Your body sometimes deteriorates upon taking
                  | damage. [Xom's mischief]
 53817 | D:2      | Gained mutation: You are occasionally teleported next to
                  | monsters. [Xom's mischief]
 53818 | D:2      | Acquired a manual of Shields
 53825 | D:2      | Lost mutation: You have sharp fingernails. [potion of
                  | mutation]
 53825 | D:2      | Lost mutation: You are occasionally teleported next to
                  | monsters. [potion of mutation]
 53825 | D:2      | Lost mutation: You have a pair of horns on your head.
                  | [potion of mutation]
 53825 | D:2      | Lost mutation: You are partially covered in iridescent
                  | scales. (AC +2) [potion of mutation]
 53826 | D:2      | Lost mutation: You are strong-willed. (Will+) [potion of
                  | mutation]
 53826 | D:2      | Lost mutation: You have a pair of small horns on your head.
                  | [potion of mutation]
 53826 | D:2      | Gained mutation: Your spells are a little harder to cast,
                  | but a little more powerful. [potion of mutation]
 53826 | D:2      | Gained mutation: You passively dampen the noise of your
                  | surroundings. [potion of mutation]
 53827 | D:2      | Lost mutation: You are extremely vulnerable to cold.
                  | (rC---) [potion of mutation]
 53827 | D:2      | Lost mutation: You passively dampen the noise of your
                  | surroundings. [potion of mutation]
 53827 | D:2      | Lost mutation: You are frail. (-10% HP) [potion of
                  | mutation]
 53827 | D:2      | Gained mutation: You are agile. (Dex +4, Str/Int -1)
                  | [potion of mutation]
 54134 | D:2      | Killed Sigmund
 54253 | D:1      | XOM: silly message
 54262 | D:1      | XOM: scenery: create altars
 54547 | D:1      | XOM: summons 2 hostile demons
 55292 | D:1      | XOM: summons 3 hostile demons
 56123 | D:1      | XOM: give mutations
 56123 | D:1      | Lost mutation: You do not regenerate when monsters are
                  | visible. [Xom's mischief]
 56123 | D:1      | Gained mutation: You occasionally lose the ability to read
                  | scrolls when taking damage. [Xom's mischief]
 56123 | D:1      | Gained mutation: You are somewhat resistant to further
                  | mutation. [Xom's mischief]
 56403 | D:14     | Noticed Nessos
 56403 | D:14     | Noticed Urug
 56403 | D:14     | Found a gate to the Vaults.
 56408 | D:14     | XOM: 2-stop teleportation journey
 56465 | D:14     | Identified the +2 short sword of the Magi {flame, rN+}
 56468 | D:14     | Found Konkedgh's Assorted Antiques.
 56493 | D:14     | XOM: 2-stop teleportation journey
 56504 | D:14     | XOM: swap monsters
 56519 | D:14     | Killed Nessos
 56559 | D:14     | Found Nousax's Distillery.
 56569 | D:14     | XOM: silly message
 56599 | D:14     | XOM: summons friendly crimson imp
 56607 | D:14     | Killed Urug
 56623 | D:14     | XOM: swap monsters
 56634 | D:14     | XOM: blink monster(s)
 56646 | D:14     | Bought a potion of heal wounds for 65 gold pieces
 56681 | D:14     | XOM: swap monsters
 56683 | D:14     | XOM: noise
 56733 | D:14     | XOM: enchant monster (good)
 56745 | D:14     | XOM: divination: detect items
 56751 | D:14     | XOM: fake destruction
 56755 | D:14     | XOM: divination: magic mapping
 56828 | D:14     | Found Fufef's Armour Emporium.
 56831 | D:14     | XOM: enchant monster (bad)
 56860 | D:14     | Bought +2 pearl dragon scales for 1517 gold pieces
 56887 | D:14     | XOM: cast spell 'Malign Gateway'
 57011 | D:14     | Found Cogaixka's Distillery.
 57018 | D:14     | Bought a potion of haste for 110 gold pieces
 57120 | D:14     | XOM: noise
 57155 | D:14     | Found Mocuni's Antique Armour Shop.
 57177 | D:14     | Reached XP level 17. HP: 71/123 MP: 0/0
 57177 | D:14     | Learned a level 6 spell: Eringya's Noxious Bog
 57582 | D:14     | XOM: cloud trail
 57594 | D:14     | XOM: god gift: javelin
 57605 | D:14     | XOM: scenery: create altars
 57658 | D:15     | Entered Level 15 of the Dungeon
 57715 | D:14     | XOM: god gift: book of Frost
 57723 | D:15     | XOM: summons 7 friendly demons
 57724 | D:15     | Reached skill level 13 in Dodging
 57887 | D:15     | XOM: divine lightning
 57905 | D:15     | Identified the +1 ring mail of Fortification {rPois Str-4
                  | Dex+3}
 57934 | D:15     | Found a staircase to the Depths.
 58099 | D:15     | XOM: god gift: 50 gold pieces
 58192 | D:15     | XOM: summons friendly ynoxinul
 58523 | Shoals:1 | Entered Level 1 of the Shoals
 58533 | Shoals:1 | XOM: blink monster(s)
 58534 | Shoals:1 | XOM: polymorph sea snake -> human
 58621 | Shoals:1 | XOM: confuse monster(s)
 58625 | Shoals:1 | XOM: silly message
 58915 | Shoals:1 | XOM: fog
 59086 | Shoals:1 | XOM: summons friendly crimson imp
 59355 | Shoals:1 | Noticed a kraken
 59370 | Shoals:1 | Killed a kraken
 59416 | Shoals:2 | XOM: polymorph merfolk impaler -> merfolk impaler
 59428 | Shoals:2 | XOM: summons friendly quasit
 59434 | Shoals:2 | Reached skill level 10 in Shields
 59479 | Shoals:1 | XOM: cloud trail
 59557 | Shoals:2 | XOM: give mutations
 59557 | Shoals:2 | Gained mutation: You are very agile. (Dex +8, Str/Int -2)
                  | [Xom's grace]
 59557 | Shoals:2 | Gained mutation: Your movements are slightly less
                  | encumbered by armour. (ER -2) [Xom's grace]
 59557 | Shoals:2 | Lost mutation: You are somewhat resistant to further
                  | mutation. [Xom's grace]
 59557 | Shoals:2 | Gained mutation: You have hidden genetic potential. [Xom's
                  | grace]
 59557 | Shoals:2 | Gained mutation: Your muscles are strong. (Str +4, Int/Dex
                  | -1) [Xom's grace]
 59621 | Shoals:2 | XOM: divination: detect creatures
 59641 | Shoals:2 | XOM: potion effect (haste)
 59870 | Shoals:2 | XOM: 1-stop teleportation journey
 59901 | Shoals:2 | XOM: summons friendly ufetubus
 60026 | Shoals:2 | XOM: give mutations
 60026 | Shoals:2 | Gained mutation: Your natural rate of healing is unusually
                  | fast. [Xom's grace]
 60026 | Shoals:2 | Gained mutation: You possess an exceptional clarity of
                  | mind. [Xom's grace]
 60026 | Shoals:2 | Gained mutation: You passively map a small area around you.
                  | [Xom's grace]
 60103 | Shoals:2 | XOM: fog
 60187 | Shoals:2 | XOM: give mutation
 60187 | Shoals:2 | Gained mutation: You have a pair of small horns on your
                  | head. [Xom's mischief]
 60302 | Shoals:2 | XOM: silly message
 60378 | Shoals:3 | XOM: polymorph wind drake -> shapeshifter
 60468 | Shoals:3 | XOM: polymorph satyr -> salamander
 60472 | Shoals:3 | XOM: chaos upgrade
 60483 | Shoals:3 | Reached XP level 18. HP: 106/131 MP: 0/0
 60484 | Shoals:3 | XOM: divination: magic mapping
 60497 | Shoals:3 | XOM: god gift: potion of enlightenment
 60499 | Shoals:3 | XOM: chaos upgrade
 60500 | Shoals:3 | Noticed a kraken
 60501 | Shoals:3 | Noticed Mlioglotl
 60503 | Shoals:3 | XOM: summons 3 hostile demons
 60513 | Shoals:3 | XOM: summons friendly iron imp
 60531 | Shoals:3 | XOM: fake destruction
 60533 | Shoals:2 | XOM: summons friendly white imp
 60536 | Shoals:2 | XOM: god gift: staff of alchemy
 60544 | Shoals:2 | Killed Mlioglotl
 60567 | Shoals:3 | Killed a kraken
 60624 | Shoals:2 | Reached XP level 19. HP: 138/138 MP: 0/0
 60624 | Shoals:2 | Learned a level 7 spell: Enfeeble
 60772 | Shoals:3 | XOM: enchant monster (good)
 60879 | Shoals:3 | Noticed Donald
 60889 | Shoals:3 | XOM: summons friendly white imp
 60889 | Shoals:3 | Killed Donald
 60891 | Shoals:3 | XOM: summons 2 friendly demons
 60894 | Shoals:3 | XOM: cast spell 'Summon Cactus Giant'
 61039 | Shoals:3 | XOM: noise
 61100 | Shoals:3 | XOM: silly message
 61116 | Shoals:3 | Identified the ring of Cicyutz {Wiz rElec rF+}
 61385 | Shoals:3 | XOM: noise
 61590 | Shoals:4 | Entered Level 4 of the Shoals
 61670 | Shoals:4 | Reached skill level 14 in Dodging
 61722 | Shoals:4 | XOM: summons friendly crimson imp
 61750 | Shoals:4 | XOM: divination: detect creatures
 61756 | Shoals:4 | XOM: cast spell 'Animate Armour'
 61770 | Shoals:4 | Gained mutation: You have great hidden genetic potential.
                  | [hidden potential]
 61886 | Shoals:4 | XOM: summons 8 friendly demons
 61895 | Shoals:4 | Identified the ring "Ozaer" {Fire Int+3}
 61909 | Shoals:4 | XOM: destruction
 61926 | Shoals:4 | Identified the +7 whip "Xypreiv" {freeze, Str+3 Int+4}
 62029 | Shoals:4 | XOM: divination: magic mapping
 62058 | Shoals:4 | XOM: give mutations
 62058 | Shoals:4 | Lost mutation: You occasionally lose the ability to read
                  | scrolls when taking damage. [Xom's mischief]
 62058 | Shoals:4 | Lost mutation: Your natural rate of healing is unusually
                  | fast. [Xom's mischief]
 62058 | Shoals:4 | Lost mutation: Your muscles are strong. (Str +4, Int/Dex
                  | -1) [Xom's mischief]
 62139 | Shoals:4 | Got a barnacled rune of Zot
 62177 | Shoals:4 | XOM: summons 3 hostile demons
 62182 | Shoals:4 | XOM: fog
 62229 | Shoals:4 | XOM: enchant monster (good)
 62231 | Shoals:4 | XOM: enchant monster (bad)
 62363 | Shoals:4 | XOM: swap monsters
 62767 | Spider:1 | Entered Level 1 of the Spider Nest
 62893 | Spider:1 | XOM: noise
 62988 | Spider:1 | XOM: fog
 63012 | Spider:1 | XOM: god gift: scroll of amnesia
 63018 | Spider:1 | XOM: silly message
 63136 | Spider:1 | Reached XP level 20. HP: 145/145 MP: 0/0
 63178 | Spider:1 | XOM: polymorph emperor scorpion -> kraken
 63457 | Spider:2 | XOM: silly message
 63522 | Spider:2 | Identified the +1 scale mail of Atra {-Tele Harm rC+ SInv}
 63762 | Spider:2 | XOM: noise
 64096 | Spider:2 | XOM: smoke on damage
 64377 | Spider:3 | XOM: repel stairs
 64547 | Spider:3 | XOM: give mutations
 64547 | Spider:3 | Gained mutation: Potions are less effective at restoring
                  | your health. [Xom's mischief]
 64547 | Spider:3 | Lost mutation: You have great hidden genetic potential.
                  | [Xom's mischief]
 64547 | Spider:3 | Gained mutation: Your body sometimes deteriorates upon
                  | taking damage. [Xom's mischief]
 64550 | Spider:3 | Reached skill level 10 in Evocations
 64674 | Spider:3 | XOM: stat loss: -1 Dex (29/30)
 64842 | Spider:3 | XOM: 1-stop teleportation journey
 64985 | Spider:3 | XOM: blink monster(s)
 64997 | Spider:3 | XOM: stat loss: -1 Int (15/17)
 65200 | Spider:3 | XOM: give mutations
 65200 | Spider:3 | Lost mutation: You passively map a small area around you.
                  | [Xom's mischief]
 65200 | Spider:3 | Lost mutation: You possess an exceptional clarity of mind.
                  | [Xom's mischief]
 65243 | Spider:3 | XOM: stat loss: -1 Int (14/17)
 65338 | Spider:3 | XOM: swap monsters
 65390 | Spider:3 | XOM: enchant monster (bad)
 65395 | Spider:3 | XOM: stat loss: -1 Dex (28/30)
 65837 | Spider:4 | Entered Level 4 of the Spider Nest
 65986 | Spider:4 | Noticed Bai Suzhen
 66035 | Spider:4 | XOM: noise
 66040 | Spider:4 | XOM: cleaving
 66130 | Spider:3 | XOM: confuse monster(s)
 66397 | Spider:4 | XOM: fog
 66405 | Spider:4 | XOM: scenery: summon butterflies
 66406 | Spider:4 | XOM: 7-stop teleportation journey
 66408 | Spider:4 | XOM: summons 16 friendly demons
 66469 | Spider:4 | Reached skill level 15 in Dodging
 66476 | Spider:4 | XOM: cast spell 'Leda's Liquefaction'
 66484 | Spider:4 | XOM: summons 3 friendly demons
 66550 | Spider:4 | XOM: enchant monster (good)
 66550 | Spider:4 | Blown up by an orb spider

Illustrated notes

Levels and vault maps discovered:
D:1:      matt_arrival_debris, layout_rooms
D:2:      wad_woods_stonehenge, layout_basic, serial_shops, shop,
          shapermc_ecumenical_altar_ellora, uniq_robin, uniq_sigmund,
          uniq_natasha
D:3:      layout_loops_ring, nicolae_qazlal_beasts_of_the_sky, fedhas_altar_1,
          serial_shops, nicolae_shop_tiny_waterfront,
          nicolae_shop_temple_entry_statues_fountains,
          nicolae_shop_tiny_real_fake_doors, nicolae_shop_real_fake_doors, shop
D:4:      minmay_wonky_spiral, layout_basic, xom_butterflies,
          mainiacjoe_overflow_boulevard, makhleb_blood_cavern_becter,
          ebering_ghost_inner_flame, minmay_a_box_with_orc_wizards_in_it,
          uniq_crazy_yiuf_cottage
D:5:      layout_rooms, chequers_temple_overflow_statue_of_worship,
          uniq_blork_the_orc
D:6:      layout_basic, mainiacjoe_overflow_alcove_1,
          mainiacjoe_sewer_entry_somewhere_in_here_1, hangedman_decor_riveting
D:7:      layout_cave_pools, fiery_altar_vehumet,
          mainiacjoe_overflow_concentric_impassable,
          minmay_temple_entry_stoned_glass
D:8:      layout_cave_pools, special_room [special_room_orc], uniq_joseph,
          uniq_jeremiah
D:9:      layout_loops_cross, serial_bayou, serial_bayou_pond_b,
          serial_bayou_shore_a, serial_bayou_pond_d, serial_bayou_pond_b
D:10:     layout_rooms, nicolae_hepliaklqana_hippocampus, orc_0_dummy,
          grunt_decor_cap
D:11:     layout_loops_ring, minmay_lair_entry_grove, uniq_harold, uniq_erica
D:12:     layout_loops_ring
D:13:     layout_roguey
D:14:     layout_small_grid, david_vaults_3, serial_glass, glass_columns_b,
          glass_columns_c, serial_shops, shop_statue, shop_fountains, shop,
          shop, nicolae_shop_crystal, minmay_door_square
D:15:     gammafunk_depths_entry_grave, layout_cave_pools,
          nicolae_twisty_statue_hallways
Lair:1:   layout_hall_layers, gammafunk_ghost_cemetery, serial_bayou_crossing
Lair:2:   lemuel_reptile_caves, layout_long_grid, dummy_spider_entry, pond
Lair:3:   layout_roguey, elwin_shoals_entry_rocks, serial_rivers,
          chequers_serial_rivers_marsh, chequers_serial_rivers_large_b,
          chequers_serial_rivers_marsh, chequers_serial_rivers_small_b,
          chequers_serial_rivers_small_b, st_stairs_8, uniq_sonja,
          uniq_gastronok, uniq_rupert
Lair:4:   layout_cave_pods, gammafunk_ghost_hydra_chop,
          hellmonk_guarded_unrand_seven_league_boots
Lair:5:   hellmonk_lair_end_abyssal_woods, layout_gridlike, slime_entry_1,
          serial_bayou_pond_a, dreamdust_gnoll_shepherd, serial_bayou_shore_b
Shoals:1: layout_shoals
Shoals:2: layout_shoals, nicolae_shoals_hunting_party
Shoals:3: layout_shoals, uniq_mlioglotl, uniq_donald
Shoals:4: shoals_end_hellmonk_lost_city, serial_shops
Spider:1: layout_spider_delve, drop_trap
Spider:2: layout_spider_delve, nicolae_spider_moth_buddies
Spider:3: layout_chambers
Spider:4: guppyfry_spider_rune, uniq_bai_suzhen
Orc:1:    layout_caves, serial_shops, shop, shop, shop, shop,
          monkooky_shop_alliterative
Orc:2:    st_orc_ogre_mass, layout_diamond_mine, minmay_orc_treasury,
          uniq_maurice, uniq_josephine

Skill      XL: |  1  2  3  4  5  6  7  8  9 10 11 12 13 14 15 16 17 18 19 20 |
---------------+-------------------------------------------------------------+-----
Spellcasting   | 1 2 3 4 5 6 7 9 10 11 12 13 14 | 14.0
Conjurations   | 1 2 3 4 5 6 7 9 10 11 12 13 14 | 14.0
Hexes          | 1 2 3 4 5 6 7 9 10 11 12 13 14 | 14.0
Summonings     | 1 2 3 4 5 6 7 9 10 11 12 13 14 | 14.0
Necromancy     | 1 2 3 4 5 6 7 9 10 11 12 13 14 | 14.0
Translocations | 1 2 3 4 5 6 7 9 10 11 12 13 14 | 14.0
Fire Magic     | 1 2 3 4 5 6 7 9 10 11 12 13 14 | 14.0
Ice Magic      | 1 2 3 4 5 6 7 9 10 11 12 13 14 | 14.0
Air Magic      | 1 2 3 4 5 6 7 9 10 11 12 13 14 | 14.0
Earth Magic    | 1 2 3 4 5 6 7 9 10 11 12 13 14 | 14.0
Alchemy        | 1 2 3 4 5 6 7 9 10 11 12 13 14 | 14.0
Long Blades    | 3 4 5 6 7 8 9 10 11 12 | 12.9
Shields        | 1 2 3 4 5 7 8 10 11 12 13 | 13.5
Armour         | 2 3 4 5 6 7 8 9 10 11 12 13 | 13.7
Dodging        | 3 4 5 7 8 9 10 11 12 13 14 15 | 15.0
Fighting       | 4 5 6 7 8 9 10 11 12 13 14 | 14.1
Evocations     | 3 5 7 8 9 10 | 10.4

Action                     |  1- 3 |  4- 6 |  7- 9 | 10-12 | 13-15 | 16-18 | 19-21 || total
---------------------------+-------+-------+-------+-------+-------+-------+-------++-------
  Melee: Falchion          |    93 |   162 |       |       |       |       |       ||   255
         Punch             |     1 |       |       |       |       |       |       ||     1
         Scimitar          |       |    26 |   218 |   365 |   851 |   823 |   977 ||  3260
         Headbutt          |       |     2 |    37 |    93 |   102 |   113 |   350 ||   697
         Double sword      |       |       |       |       |    39 |   114 |       ||   153
   Cast: Mephitic Cloud    |       |       |     3 |    33 |    42 |    45 |    22 ||   145
         Ozocubu's Armour  |       |       |     1 |     2 |     3 |     7 |     6 ||    19
         Shock             |       |       |       |    16 |     7 |    11 |       ||    34
         Irradiate         |       |       |       |     1 |    10 |    26 |    11 ||    48
         Summon Forest     |       |       |       |       |    11 |     9 |     1 ||    21
         Blink             |       |       |       |       |     1 |       |       ||     1
         Summon Cactus Gia |       |       |       |       |     1 |     2 |     2 ||     5
         Eringya's Noxious |       |       |       |       |       |     7 |    41 ||    48
  Evoke: Wand              |       |       |       |     1 |     3 |       |       ||     4
         Phial of floods   |       |       |       |       |       |     1 |       ||     1
    Use: Scroll            |       |     4 |     5 |    10 |    14 |    12 |     7 ||    52
         Potion            |       |     1 |       |       |     4 |     6 |     1 ||    12
   Stab: Sleeping          |     1 |       |     2 |       |     1 |       |     1 ||     5
         Confused          |       |       |     4 |    18 |    29 |    43 |    33 ||   127
         Invisible         |       |       |       |       |     9 |       |       ||     9
         Distracted        |       |       |       |       |     3 |     1 |     1 ||     5
         Paralysed         |       |       |       |       |     1 |     2 |       ||     3
 Armour: Leather armour    |    68 |   232 |    30 |       |       |       |       ||   330
         Steam dragon scal |       |       |   166 |   183 |       |       |       ||   349
         Acid dragon scale |       |       |       |    22 |   391 |   165 |       ||   578
         Pearl dragon scal |       |       |       |       |       |   230 |   507 ||   737
  Dodge: Dodged            |    76 |   176 |   209 |   351 |   880 |   819 |   929 ||  3440
  Block: Buckler           |    17 |    59 |    80 |    97 |   312 |   317 |   449 ||  1331

Table legend: (Time is in decaauts)
 A = Elapsed time spent in this place.
 B = Non-inter-level travel time spent in this place.
 C = Inter-level travel time spent in this place.
 D = Time resting spent in this place.
 E = Time spent auto-exploring this place.
 F = Levels seen in this place.
 G = Mean time per level.
                   A        B        C        D        E       F      G
               +--------+--------+--------+--------+--------+-----+--------+
         Total |  66367 |  64502 |   1865 |  37990 |  18611 |  31 | 2140.9 |
       Dungeon |  43183 |  42116 |   1067 |  29381 |   9330 |  15 | 2878.9 |
          Lair |  11401 |  10954 |    447 |   5508 |   3862 |   5 | 2280.2 |
        Shoals |   3906 |   3786 |    120 |    483 |   2283 |   4 |  976.5 |
   Spider Nest |   3470 |   3375 |     95 |    662 |   1774 |   4 |  867.5 |
  Orcish Mines |   4113 |   3979 |    134 |   1955 |   1248 |   2 | 2056.5 |
         Sewer |    291 |    291 |      0 |      0 |    114 |   1 |  291.0 |
               +--------+--------+--------+--------+--------+-----+--------+

Top non-repeatable levels by time:
     D:1: 14252 daAuts
    D:10: 12837 daAuts
  Lair:1: 5926 daAuts
     D:2: 2826 daAuts
   Orc:1: 2403 daAuts
     D:4: 1739 daAuts
Spider:3: 1737 daAuts
   Orc:2: 1710 daAuts
     D:9: 1634 daAuts
  Lair:4: 1534 daAuts
  Lair:5: 1476 daAuts
    D:14: 1374 daAuts
    D:11: 1304 daAuts
  Lair:2: 1293 daAuts
     D:8: 1177 daAuts
